 Dungeon Crawl Stone Soup version 0.29-a0-885-gb26ba3297d (webtiles) character file.

Game seed: 7534404383228657955

228 oldmanjim the Carver (level 6, -2/44 HPs)
             Began as a Gnoll Wanderer on July 20, 2022.
             Was an Initiate of Gozag.
             Slain by Duvessa
             ... wielding a +0 short sword
              (5 damage)
             ... on level 4 of the Dungeon.
             The game lasted 00:14:16 (3675 turns).

oldmanjim the Carver (Gnoll Wanderer)               Turns: 3675, Time: 00:14:17

Health: -2/44      AC: 12    Str: 12    XL:     6   Next: 2%
Magic:  8/8        EV: 11    Int: 10    God:    Gozag
Gold:   166        SH:  5    Dex: 14    Spells: 8/8 levels left

rFire   x x .      SeeInvis .   a - +2 falchion
rCold   x x .      Faith    .   c - +0 buckler
rNeg    . . .      Spirit   .   e - +0 leather armour
rPois   +          Reflect  .   (no helmet)
rElec   .          Harm     .   o - scarf {shadows}
rCorr   .          Rampage  .   (no gloves)
Will    .....                   i - +0 pair of boots
Stlth   ++........              p - amulet of Elemental Vulnerability {rPois rF-- rC-- AC+8}
HPRegen 0.14/turn               (no ring)
MPRegen 0.11/turn               (no ring)

@: no status effects
A: fangs 1, strong nose, distributed training
a: Renounce Religion, Potion Petition, Call Merchant, Bribe Branch


You were on level 4 of the Dungeon.
You worshipped Gozag.
Gozag was aware of your devotion.
You visited 1 branch of the dungeon, and saw 4 of its levels.

You collected 208 gold pieces.
You paid 42 gold pieces to Gozag.

Inventory:

Hand Weapons
 a - a +2 falchion (weapon)
 b - a +0 sling
 t - a +0 hand axe
Missiles
 g - 46 stones (quivered)
 h - 4 poisoned darts
 A - 3 boomerangs
Armour
 c - a +0 buckler (worn)
 e - a +0 leather armour (worn)
 i - a +0 pair of boots (worn)
 o - a scarf of shadows (worn)
Jewellery
 p - the amulet of Elemental Vulnerability (around neck) {rPois rF-- rC-- AC+8}
   (You found it on level 3 of the Dungeon)

   [amulet of nothing]

   AC:        It affects your AC (+8).
   rF:        It makes you very vulnerable to fire.
   rC:        It makes you very vulnerable to cold.
   rPois:     It protects you from poison.
Wands
 y - a wand of iceblast (9)
 z - a wand of mindburst (11)
Scrolls
 f - 2 scrolls of identify {unknown}
 j - a scroll of enchant weapon {unknown}
 k - a scroll of fear {unknown}
 m - a scroll of brand weapon {unknown}
 n - a scroll of fog {unknown}
 u - a scroll of teleportation {unknown}
 x - a scroll of vulnerability {unknown}
Potions
 d - 6 potions of curing
 l - a potion of flight {unknown}
 q - a potion of might {unknown}
 r - 3 potions of haste {unknown}
 s - 2 potions of berserk rage {unknown}
 v - 2 potions of ambrosia {unknown}
 w - a potion of heal wounds {unknown}
 B - a potion of brilliance {unknown}
 C - a potion of lignification {unknown}


   Skills:
 + Level 1.8 Fighting
 + Level 1.8 Short Blades
 + Level 8.7 Long Blades
 + Level 6.8 Axes
 + Level 1.8 Maces & Flails
 + Level 1.8 Polearms
 + Level 1.8 Staves
 + Level 1.8 Ranged Weapons
 + Level 3.1 Throwing
 + Level 1.8 Armour
 + Level 1.8 Dodging
 + Level 3.0 Stealth
 + Level 3.1 Shields
 + Level 1.8 Unarmed Combat
 + Level 1.8 Spellcasting
 + Level 1.4 Conjurations
 + Level 1.4 Hexes
 + Level 1.4 Summonings
 + Level 1.4 Necromancy
 + Level 1.4 Translocations
 + Level 1.4 Transmutations
 + Level 1.4 Fire Magic
 + Level 1.4 Ice Magic
 + Level 1.4 Air Magic
 + Level 1.4 Earth Magic
 + Level 1.4 Poison Magic
 + Level 2.0 Invocations
 + Level 1.8 Evocations


You had 8 spell levels left.
You didn't know any spells.
Your spell library contained the following spells:

 Spells                   Type           Power      Damage    Failure   Level
 Slow                     Hex            12%        N/A       30%         1
 Confusing Touch          Hex            3%         N/A       65%         3
 Gell's Gravitas          Tloc           3%         N/A       65%         3
 Lesser Beckoning         Tloc           3%         N/A       65%         3
 Teleport Other           Tloc           3%         N/A       65%         3
 Vampiric Draining        Necr           3%         2d6       65%         3


Dungeon Overview and Level Annotations

Branches:
Dungeon (4/15)
 Temple: D:4-7

Altars:
Gozag
Sif Muna
Trog

Shops:
D:2 ([[(   D:3 (

Annotations:
D:3 1 runed translucent door, Crazy Yiuf
D:4 Dowan, Duvessa


Innate Abilities, Weirdness & Mutations

You have very sharp teeth.
Your uncanny sense of smell can sniff out nearby items.
Your experience applies equally to all skills.


Message History

Duvessa is heavily wounded.
You hit Duvessa. Your bite misses Duvessa.
Duvessa is heavily wounded.
The goblin barely misses you. Duvessa hits you with a +0 short sword.
You closely miss Duvessa. You bite Duvessa.
Duvessa is severely wounded.
The goblin hits you but does no damage. Duvessa hits you with a +0 short sword.
You hit Duvessa. You bite Duvessa, but do no damage.
Duvessa is severely wounded.
The goblin barely misses you. Duvessa hits you with a +0 short sword!
The gnoll shouts!
You hit Duvessa.
Duvessa is severely wounded.
You hear a shout!
The goblin hits you but does no damage. Duvessa hits you with a +0 short sword.
You hit Duvessa.
Duvessa is almost dead.
The goblin closely misses you. Duvessa hits you with a +0 short sword!
* * * LOW HITPOINT WARNING * * *
You hit Duvessa but do no damage.
Duvessa is almost dead.
The goblin closely misses you.
Dowan, Brother of Duvessa comes into view.
He is wielding a +0 dagger.
Duvessa hits you but does no damage.
You hit Duvessa but do no damage.
Duvessa is almost dead.
The goblin hits you but does no damage. Duvessa hits you with a +0 short sword!
* * * LOW HITPOINT WARNING * * *
You hit Duvessa but do no damage.
Duvessa is almost dead.
The goblin closely misses you.
The gnoll hits you from afar with a +0 spear.
* * * LOW HITPOINT WARNING * * *
Duvessa hits you but does no damage.
You barely miss Duvessa. You bite Duvessa, but do no damage.
Duvessa is almost dead.
The gnoll closely misses you. The goblin hits you but does no damage.
Duvessa hits you with a +0 short sword.
You die...
Your body crumbles into a pile of gold.

'##.# ....######
.......... ......#
......#### #.#.$.#
.).g..######.....#
............#....# #
##..........#...g##.#
.......g....##..ge.e#
.......S....##..@##.#..
........<................
......
......##########.####...
...... ......# #.####..#
#.... ......# #.##....##
##... # ......# #.##.#...
... ## ####### #.##.#.#
#.###. #......# #.##..
######.# #.#...


You could see Duvessa, Dowan, a gnoll and a goblin.

Vanquished Creatures
  A necrophage (D:4)
  A jelly (D:4)
  An adder (D:2)
  5 gnolls (D:4)
  A worm (D:3)
  4 dart slugs
  An orc (D:3)
  5 ball pythons
  8 endoplasms
  A giant cockroach (D:1)
  14 goblins
  5 hobgoblins
  2 jackals (D:2)
  6 kobolds
  2 quokkas
  3 bats
  5 frilled lizards
  3 rats (D:2)
68 creatures vanquished.

Notes
Turn   | Place    | Note
-------+----------+-------------------------------------------
     0 | D:1      | oldmanjim the Gnoll Wanderer began the quest for the Orb.
     0 | D:1      | oldmanjim set off with the following items: a +2 falchion,
                  | a +0 hand axe, a +0 buckler, a potion of curing, a +0
                  | leather armour.
     0 | D:1      | Reached XP level 1. HP: 13/13 MP: 1/1
   134 | D:1      | Reached XP level 2. HP: 6/20 MP: 2/2
   446 | D:1      | You fall into a shaft and drop 1 floor!
   446 | D:2      | Found Jugraalod's Weapon Shoppe.
   456 | D:2      | Found Jaf Buehesch's Antique Armour Emporium.
   609 | D:2      | Reached XP level 3. HP: 23/25 MP: 3/3
   632 | D:2      | Identified the +4 robe of Rotation {rF+ Stlth+}
   668 | D:2      | Found Jomeg's Armour Shoppe.
   812 | D:1      | Reached skill level 1 in Invocations
  1558 | D:2      | Reached skill level 1 in Fighting
  1558 | D:2      | Reached skill level 1 in Short Blades
  1558 | D:2      | Reached skill level 1 in Maces & Flails
  1558 | D:2      | Reached skill level 1 in Polearms
  1558 | D:2      | Reached skill level 1 in Staves
  1558 | D:2      | Reached skill level 1 in Ranged Weapons
  1558 | D:2      | Reached skill level 1 in Armour
  1558 | D:2      | Reached skill level 1 in Dodging
  1558 | D:2      | Reached skill level 1 in Unarmed Combat
  1558 | D:2      | Reached skill level 1 in Spellcasting
  1558 | D:2      | Reached skill level 1 in Evocations
  1869 | D:2      | Reached XP level 4. HP: 28/32 MP: 5/5
  1971 | D:2      | Found Rick's Weapon Shoppe.
  2078 | D:3      | Found the amulet of Elemental Vulnerability {rPois rF--
                  | rC-- AC+8}
  2159 | D:3      | Found Oxulouss's Weapon Shop.
  2587 | D:3      | Found a bloodstained altar of Trog.
  2628 | D:3      | Found a runed translucent door.
  2629 | D:3      | Noticed Crazy Yiuf
  2796 | D:3      | Reached skill level 1 in Conjurations
  2796 | D:3      | Reached skill level 1 in Hexes
  2796 | D:3      | Reached skill level 1 in Summonings
  2796 | D:3      | Reached skill level 1 in Necromancy
  2796 | D:3      | Reached skill level 1 in Translocations
  2796 | D:3      | Reached skill level 1 in Transmutations
  2796 | D:3      | Reached skill level 1 in Fire Magic
  2796 | D:3      | Reached skill level 1 in Ice Magic
  2796 | D:3      | Reached skill level 1 in Air Magic
  2796 | D:3      | Reached skill level 1 in Earth Magic
  2796 | D:3      | Reached skill level 1 in Poison Magic
  2965 | D:3      | Found an opulent altar of Gozag.
  2968 | D:3      | Became a worshipper of Gozag Ym Sagoz the Greedy
  2979 | D:3      | Found a shimmering blue altar of Sif Muna.
  3136 | D:4      | Reached XP level 5. HP: 24/36 MP: 7/7
  3579 | D:4      | Reached XP level 6. HP: 42/44 MP: 8/8
  3656 | D:4      | Noticed Duvessa
  3672 | D:4      | Noticed Dowan
  3674 | D:4      | HP: 2/44 [gnoll/+0 spear (3)]
  3675 | D:4      | Slain by Duvessa

Illustrated notes

Levels and vault maps discovered:
D:1:      giann_wishing_wells, layout_rooms, minmay_indecisive_spiral
D:2:      layout_rooms, serial_shops, nicolae_shop_stone, shop_statue,
          nicolae_shop_bloodbath_and_beyond, shop
D:3:      layout_loops_corners, mainiacjoe_overflow_swirl, trog_hazing_becter,
          serial_shops, shop, uniq_crazy_yiuf_cottage
D:4:      layout_basic, chequers_temple_overflow_minitemple,
          nicolae_hepliaklqana_monster_ancestors, st_stairs_12, minmay_cupped,
          uniq_duvessa

Skill      XL: |  1  2  3  4  5 |
---------------+----------------+-----
Invocations    | 1 2 |  2.0
Fighting       | 1 |  1.8
Short Blades   | 1 |  1.8
Maces & Flails | 1 |  1.8
Polearms       | 1 |  1.8
Staves         | 1 |  1.8
Ranged Weapons | 1 |  1.8
Armour         | 1 |  1.8
Dodging        | 1 |  1.8
Unarmed Combat | 1 |  1.8
Spellcasting   | 1 |  1.8
Evocations     | 1 |  1.8
Conjurations   | 1 |  1.4
Hexes          | 1 |  1.4
Summonings     | 1 |  1.4
Necromancy     | 1 |  1.4
Translocations | 1 |  1.4
Transmutations | 1 |  1.4
Fire Magic     | 1 |  1.4
Ice Magic      | 1 |  1.4
Air Magic      | 1 |  1.4
Earth Magic    | 1 |  1.4
Poison Magic   | 1 |  1.4
Throwing       | 3 |  3.1
Shields        | 3 |  3.1
Stealth        | 3 |  3.0
Long Blades    | |  8.7
Axes           | |  6.8

Action                   |  1- 3 |  4- 6 || total
-------------------------+-------+-------++-------
Melee: Falchion          |    85 |    93 ||   178
       Bite              |     5 |    10 ||    15
 Fire: Sling             |       |    40 ||    40
Throw: Stone             |     7 |       ||     7
  Use: Scroll            |       |     1 ||     1
 Stab: Sleeping          |     5 |       ||     5
Armor: Leather armour    |    21 |    29 ||    50
Dodge: Dodged            |    33 |    46 ||    79
Block: Buckler           |    14 |    16 ||    30

Table legend: (Time is in decaauts)
 A = Elapsed time spent in this place.
 B = Non-inter-level travel time spent in this place.
 C = Inter-level travel time spent in this place.
 D = Time resting spent in this place.
 E = Time spent auto-exploring this place.
 F = Levels seen in this place.
 G = Mean time per level.
                   A        B        C        D        E       F      G
               +--------+--------+--------+--------+--------+-----+--------+
         Total |   3665 |   3570 |     95 |    313 |   2659 |   4 |  916.2 |
       Dungeon |   3665 |   3570 |     95 |    313 |   2659 |   4 |  916.2 |
               +--------+--------+--------+--------+--------+-----+--------+

Top non-repeatable levels by time:
     D:3: 1226 daAuts
     D:1: 1145 daAuts
     D:2: 916 daAuts
     D:4: 377 daAuts
